 Dungeon Crawl Stone Soup version 0.25.0-11-g1f837a7 (webtiles) character file.

Game seed: 13590924305303824628

25 tkappleton the Slasher (level 2, -6/26 HPs)
             Began as a Minotaur Berserker on June 25, 2020.
             Was a Follower of Trog.
             Mangled by a worm (9 damage)
             ... on level 2 of the Dungeon.
             The game lasted 00:03:01 (1717 turns).

tkappleton the Slasher (Minotaur Berserker)         Turns: 1717, Time: 00:03:01

Health: -6/26      AC:  2    Str: 21    XL:     2   Next: 86%
Magic:  1/1        EV: 12    Int:  4    God:    Trog [*.....]
Gold:   75         SH:  0    Dex:  9    Spells: 1/1 levels left

rFire    . . .     SeeInvis .   a - +0 falchion
rCold    . . .     Gourm    .   (no shield)
rNeg     . . .     Faith    .   b - +0 animal skin
rPois    .         Spirit   .   (helmet restricted)
rElec    .         Reflect  .   (no cloak)
rCorr    .         Harm     .   (no gloves)
MR       .....                  (no boots)
Stlth    +.........             (no amulet)
HPRegen  0.08/turn              (no ring)
MPRegen  0.07/turn              (no ring)

@: no status effects
A: retaliatory headbutt, horns 2
a: Berserk, Renounce Religion


You were on level 2 of the Dungeon.
You worshipped Trog.
Trog was aware of your devotion.
You were not hungry.

You visited 1 branch of the dungeon, and saw 2 of its levels.

You collected 75 gold pieces.

Inventory:

Hand Weapons
 a - a +0 falchion (weapon)
Missiles
 i - 29 stones (quivered)
Armour
 b - a +0 animal skin (worn)
Jewellery
 l - a cursed -4 ring of intelligence {unknown}
Scrolls
 d - a scroll of teleportation {unknown}
 f - a scroll of magic mapping {unknown}
 g - a scroll of remove curse {unknown}
 j - 2 scrolls of identify {unknown}
Potions
 e - 3 potions of curing {unknown}
 h - a potion of degeneration {unknown}
 k - a potion of cancellation {unknown}
Comestibles
 c - 2 rations
 m - 2 chunks of flesh


   Skills:
 - Level 3.6 Fighting
 + Level 5.0 Long Blades
 - Level 2.4 Armour
 - Level 2.1 Dodging


You had one spell level left.
You didn't know any spells.
Your spell library was empty.

Dungeon Overview and Level Annotations

Branches:
Dungeon (2/15)

Altars:


Innate Abilities, Weirdness & Mutations

You reflexively headbutt those who attack you in melee.
You have a pair of horns on your head.


Message History

You hit the worm but do no damage.
The worm is heavily wounded.
The worm bites you!
You hit the worm but do no damage.
You headbutt the worm, but do no damage.
The worm is moderately wounded.
You hit the worm but do no damage.
The worm is moderately wounded.
The worm bites you.
* * * LOW HITPOINT WARNING * * *
You barely miss the worm.
The worm is moderately wounded.
The worm bites you.
* * * LOW HITPOINT WARNING * * *
You hit the worm. You headbutt the worm!
The worm is almost dead.
You hit the worm. Your headbutt misses the worm.
The worm is almost dead.
The worm bites you!
You die...

.. .. .( #. .# ..
#. (# ... #.. .#
..##.###w# #
#.....@##.#.#
########
#.........#.##
#......#
#............#
#......#
#.............
+......#
######............#
#......#
#...##............#
#......#
#...##............#
#....<.#
#...##......#######
#......#
#........###....#
#......#


You could see a worm.

Vanquished Creatures
  A worm (D:2)
  2 dart slugs (D:1)
  A leopard gecko (D:2)
  2 hobgoblins (D:1)
  3 jackals (D:1)
  A ball python (D:1)
  2 bats (D:1)
  A frilled lizard (D:1)
  3 kobolds (D:1)
  3 rats (D:1)
19 creatures vanquished.

Notes
Turn   | Place    | Note
-------+----------+-------------------------------------------
     0 | D:1      | tkappleton the Minotaur Berserker began the quest for the
                  | Orb.
     0 | D:1      | Reached XP level 1. HP: 19/19 MP: 0/0
   280 | D:1      | Reached skill level 4 in Long Blades
   686 | D:1      | Reached XP level 2. HP: 26/26 MP: 1/1
  1708 | D:2      | Reached skill level 5 in Long Blades
  1717 | D:2      | Mangled by a worm

Illustrated notes

Levels and vault maps discovered:
D:1:      psy_arrival_conway, layout_loops_corners
D:2:      minmay_wonky_spiral, layout_basic, first_ration

Skill      XL: |  1  2 |
---------------+-------+-----
Long Blades    | 4 5 |  5.0
Fighting       | |  3.6
Armour         | |  2.4
Dodging        | |  2.1

Action                   || total
-------------------------++-------
Melee: Falchion          ||    50
       Headbutt          ||    12
Throw: Stone             ||    15
  Eat: Chunk             ||     2
Armor: Animal skin       ||     2
Dodge: Dodged            ||    24
       Rpst.: Falchion   ||     5
